Map: Abyssal Reef LE

Players

lllllllllll - Winner!

  • Race: Terran Terran
  • League: Master
  • Spawn Location: 11:00

crustymister

  • Race: Protoss Protoss
  • League: Master
  • Spawn Location: 5:00

VOD

Have the link to the VOD?

Description

Time

  • Played on: Jan. 13, 2018, 6:40 p.m.
  • Length: 16:41
Show
View Real Time Build Order
Export as new Build Order

lllllllllll Terran - Winner!

Build Orders: Cyclone Opening, Reaper Expand, Mech 

Get SALT Encoding   

  12  0:00  SCV  
  13  0:12  SCV  
  14  0:17  Supply Depot  
  14  0:24  SCV  
  15  0:28  Refinery  
  15  0:39  SCV  
  16  0:46  Barracks  
  16  0:51  SCV  
  17  1:03  SCV  
  18  1:15  SCV  
  19  1:33  Reaper, Orbital Command  
  20  1:49  Command Center  
  20  2:01  Factory  
  20  2:05  SCV  
  21  2:09  Barracks Reactor  
  21  2:17  Refinery  
  21  2:18  SCV  
  22  2:24  Supply Depot  
  22  2:30  SCV  
  23  2:45  SCV  
  24  2:51  Cyclone  
  24  2:52  Marine  
  24  2:57  SCV  
  29  3:02  Orbital Command  
  29  3:06  Cyclone  
  29  3:10  Marine  
  29  3:12  SCV  
  34  3:19  Supply Depot  
  34  3:24  Hellion  
  36  3:29  Barracks Tech Lab  
  36  3:32  SCV  
  36  3:34  SCV  
  38  3:39  Hellion  
  40  3:44  SCV  
  40  3:46  SCV  
  42  3:49  Supply Depot  
  42  3:56  SCV  
  42  3:58  SCV  
  44  4:07  Command Center  
  44  4:24  SCV  
  44  4:27  Marine x2, Siege Tank  
  44  4:29  SCV  
  44  4:30  Supply Depot  
  51  4:32  Engineering Bay  
  51  4:36  SCV  
  49  4:41  SCV  
  49  4:45  Marine x2  
  44  4:50  SCV  
  43  4:53  Factory, Bunker  
  43  4:56  Factory  
  43  5:04  Missile Turret  
  43  5:07  SCV x2  
  43  5:11  Siege Tank  
  48  5:23  SCV  
  48  5:25  Supply Depot  
  48  5:27  SCV  
  50  5:34  Orbital Command  
  50  5:37  Barracks Tech Lab  
  50  5:41  SCV  
  51  5:42  Refinery  
  51  5:43  Siege Tank, Refinery  
  54  5:53  Armory  
  54  5:54  Armory  
  54  6:03  SCV x2  
  56  6:06  Siege Tank  
  56  6:09  SCV  
  60  6:14  Missile Turret x2  
  60  6:18  SCV  
  60  6:19  Missile Turret  
  60  6:21  SCV  
  62  6:26  Cyclone  
  62  6:32  Cyclone  
  68  6:40  Missile Turret  
  68  6:43  Terran Vehicle Weapons Level 1  
  68  6:44  Terran Vehicle And Ship Armor Level 1  
  68  6:50  Siege Tank  
  68  6:51  Orbital Command  
  71  6:56  SCV x2  
  73  7:06  Siege Tank  
  76  7:12  Refinery  
  76  7:13  SCV  
  76  7:14  Refinery  
  77  7:18  SCV  
  77  7:19  SCV  
  79  7:23  Siege Tank, Supply Depot  
  79  7:26  Hellion x2  
  86  7:31  SCV  
  86  7:32  SCV  
  86  7:36  SCV  
  89  7:39  Factory  
  89  7:40  Factory  
  89  7:43  SCV  
  90  7:45  SCV  
  90  7:48  SCV, Missile Turret  
  90  7:49  Missile Turret  
  90  7:50  Missile Turret  
  92  7:55  Command Center, SCV  
  93  8:03  Missile Turret  
  93  8:07  SCV x2  
  93  8:09  SCV  
  93  8:11  Siege Tank  
  99  8:16  Supply Depot  
  99  8:23  Hellion  
  99  8:24  Supply Depot, Factory Reactor, Factory Tech Lab  
  101  8:31  Siege Tank, SCV  
  101  8:32  Hellion, Supply Depot  
  101  8:33  Supply Depot x2  
  106  8:35  Factory  
  106  8:36  SCV, Factory  
  106  8:37  Factory  
  106  8:39  Supply Depot  
  106  8:40  Supply Depot, Terran Vehicle Weapons Level 2  
  106  8:42  Terran Vehicle And Ship Armor Level 2  
  106  8:47  Infernal Pre-Igniter  
  104  8:49  Smart Servos  
  104  8:51  Orbital Command  
  104  8:53  Orbital Command  
  104  8:54  SCV x2  
  107  8:55  SCV  
  112  9:02  Siege Tank  
  112  9:03  Hellion  
  112  9:06  Siege Tank, SCV  
  116  9:21  Factory Tech Lab x2  
  116  9:22  Factory Reactor  
  116  9:23  Siege Tank, Hellion  
  121  9:37  Siege Tank, Hellion x3  
  130  9:42  Planetary Fortress  
  130  9:46  SCV x3  
  133  9:58  SCV  
  133  9:59  Supply Depot  
  134  10:00  Supply Depot  
  134  10:01  Supply Depot  
  126  10:10  Siege Tank x3, Hellion x5  
  145  10:15  Drilling Claws  
  143  10:22  Starport  
  143  10:24  Starport  
  143  10:28  Refinery x2  
  143  10:35  SCV x3  
  146  10:41  Thor  
  152  10:43  Command Center  
  152  10:45  SCV  
  152  10:47  SCV x2  
  155  10:52  Thor  
  155  10:55  SCV  
  155  10:56  Thor  
  168  10:57  SCV  
  168  11:01  SCV  
  170  11:10  Thor  
  176  11:24  Thor x2  
  186  11:26  Refinery  
  186  11:27  Refinery  
  186  11:31  Hellion  
  186  11:32  Hellion x2  
  189  11:38  Thor  
  195  11:44  SCV x2  
  195  11:46  Starport Reactor  
  195  11:47  Starport Reactor  
  197  11:53  Missile Turret  
  197  11:54  Missile Turret x2  
  197  11:55  Missile Turret  
  197  11:56  Missile Turret  
  197  11:58  Missile Turret  
  197  12:10  Terran Vehicle And Ship Armor Level 3, Thor  
  197  12:11  Terran Vehicle Weapons Level 3  
  197  12:13  Orbital Command  
  197  12:28  Command Center  
  197  12:33  Missile Turret x3  
  185  12:42  Missile Turret  
  158  12:53  Thor x2  
  158  12:54  Thor x3  
  176  13:35  Thor  
  176  13:36  Thor  
  176  13:37  Thor x2  
  191  13:48  Thor  
  179  14:12  Missile Turret x2  
  179  14:13  Orbital Command  
  179  14:14  Missile Turret  
  179  14:15  Missile Turret x3  
  168  14:18  Thor x2  
  168  14:19  Thor  
  184  14:32  Hellion x4  
  184  14:33  Hellion, Thor  
  184  14:34  Missile Turret  
  184  14:35  Missile Turret  
  200  14:44  Missile Turret  
  200  14:54  Thor x10  
  198  15:01  Missile Turret  
  198  15:06  Missile Turret  
  198  15:11  Missile Turret  
  198  15:21  Factory x2  
  198  15:23  Factory  
  190  15:36  Missile Turret  
Show
View Real Time Build Order
Export as new Build Order

crustymister Protoss 

Build Orders: 1 Gate Expand, Blink Stalkers 

Get SALT Encoding   

  12  0:01  Probe  
  13  0:13  Probe  
  14  0:18  Pylon  
  14  0:25  Probe (Chrono Boost)  
  15  0:37  Probe (Chrono Boost), Gateway  
  16  0:45  Probe (Chrono Boost)  
  16  0:47  Assimilator  
  17  0:52  Probe  
  18  1:04  Probe  
  19  1:22  Nexus  
  19  1:25  Probe  
  20  1:35  Cybernetics Core  
  20  1:39  Probe (Chrono Boost)  
  21  1:44  Assimilator  
  21  1:49  Probe (Chrono Boost)  
  22  1:55  Pylon  
  22  1:57  Probe  
  23  2:10  Stalker (Chrono Boost)  
  23  2:13  Probe  
  23  2:14  Warp Gate  
  26  2:25  Probe  
  27  2:30  Stalker (Chrono Boost)  
  29  2:37  Probe  
  29  2:42  Robotics Facility  
  30  2:45  Probe  
  31  2:54  Probe  
  31  2:58  Probe  
  33  3:06  Probe, Twilight Council  
  33  3:10  Probe  
  35  3:19  Probe  
  36  3:20  Gateway  
  36  3:25  Gateway  
  36  3:28  Probe  
  36  3:30  Observer (Chrono Boost)  
  36  3:31  Probe  
  39  3:41  Probe  
  40  3:43  Probe  
  40  3:44  Blink  
  41  3:49  Pylon, Observer (Chrono Boost)  
  41  3:53  Probe  
  41  3:55  Probe  
  44  4:02  Pylon  
  44  4:06  Immortal (Chrono Boost)  
  48  4:14  Pylon  
  48  4:15  Pylon  
  40  4:18  Stalker  
  36  4:27  Stalker  
  37  4:32  Stalker  
  37  4:42  Stalker  
  37  4:44  Probe (Chrono Boost)  
  36  4:46  Probe (Chrono Boost)  
  36  4:50  Observer  
  35  4:56  Probe (Chrono Boost)  
  35  4:58  Probe (Chrono Boost)  
  37  5:03  Probe (Chrono Boost)  
  37  5:04  Probe (Chrono Boost)  
  37  5:06  Observer  
  40  5:11  Probe  
  40  5:12  Probe  
  41  5:23  Probe  
  41  5:24  Probe  
  43  5:32  Observer  
  43  5:35  Probe  
  45  5:36  Probe  
  45  5:39  Charge (Chrono Boost)  
  45  5:41  Nexus, Observer  
  46  5:47  Probe  
  46  5:48  Probe  
  48  5:51  Assimilator  
  48  5:57  Forge  
  48  6:01  Forge, Observer  
  49  6:06  Probe x2  
  51  6:14  Pylon  
  51  6:18  Probe x2  
  51  6:22  Immortal  
  57  6:30  Probe x2  
  59  6:37  Protoss Ground Armor Level 1 (Chrono Boost)  
  59  6:42  Protoss Ground Weapons Level 1 (Chrono Boost), Probe  
  59  6:43  Probe  
  59  6:46  Assimilator, Zealot x3  
  67  6:52  Pylon  
  66  6:54  Observer  
  66  6:58  Immortal (Chrono Boost)  
  66  7:02  Probe x2  
  66  7:03  Probe  
  73  7:15  Pylon  
  73  7:18  Probe (Chrono Boost)  
  76  7:23  Probe x2 (Chrono Boost)  
  76  7:28  Probe (Chrono Boost)  
  77  7:32  Probe x2 (Chrono Boost)  
  77  7:33  Probe (Chrono Boost)  
  77  7:34  Immortal  
  84  7:39  Zealot x3  
  84  7:42  Probe x2  
  92  7:44  Probe  
  92  7:48  Gateway  
  92  7:49  Gateway  
  93  7:52  Gateway  
  93  7:55  Probe x2  
  95  8:05  Assimilator  
  95  8:07  Assimilator  
  95  8:20  Stargate x2  
  95  8:22  Stargate  
  95  8:24  Probe  
  95  8:25  Probe x2  
  98  8:30  Observer  
  98  8:36  Nexus  
  98  8:37  Probe  
  98  8:38  Pylon, Probe x2  
  98  8:39  Protoss Ground Armor Level 2 (Chrono Boost), Protoss Ground Weapons Level 2 (Chrono Boost)  
  101  9:01  Templar Archives  
  101  9:05  Fleet Beacon  
  101  9:07  Pylon  
  101  9:13  Probe x3  
  101  9:16  Observer  
  104  9:20  Shield Battery  
  104  9:22  Shield Battery  
  104  9:25  Shield Battery  
  104  9:28  Shield Battery  
  104  9:32  Cybernetics Core  
  104  9:33  Protoss Air Weapons Level 1 (Chrono Boost)  
  103  9:45  Carrier x2 (Chrono Boost)  
  103  9:46  Carrier (Chrono Boost)  
  103  9:51  Graviton Catapult  
  121  9:56  Zealot x5  
  131  10:05  Probe x3  
  125  10:12  Zealot  
  127  10:17  Probe  
  128  10:29  Protoss Air Armor Level 1 (Chrono Boost)  
  128  10:39  Assimilator x2  
  128  10:46  Pylon  
  128  10:48  Pylon  
  128  10:49  Pylon  
  128  10:51  Protoss Ground Weapons Level 3  
  128  10:53  Protoss Ground Armor Level 3  
  128  11:01  Carrier x2 (Chrono Boost)  
  126  11:06  Zealot x5  
  142  11:25  Carrier (Chrono Boost)  
  148  11:31  Shield Battery  
  148  11:34  Shield Battery  
  148  11:35  Protoss Air Weapons Level 2 (Chrono Boost)  
  146  12:08  Zealot x3  
  146  12:09  Zealot x2  
  146  12:13  Protoss Air Armor Level 2 (Chrono Boost)  
  156  12:17  Pylon  
  156  12:19  Pylon  
  156  12:20  Pylon  
  156  12:21  Pylon, Psionic Storm  
  156  12:35  Carrier (Chrono Boost)  
  154  12:37  Carrier (Chrono Boost)  
  124  13:13  Carrier (Chrono Boost)  
  112  13:27  Zealot x2  
  112  13:28  Zealot x4  
  124  13:38  Carrier (Chrono Boost)  
  112  13:48  Carrier (Chrono Boost)  
  98  14:24  Stargate  
  98  14:26  Stargate  
  98  14:29  Stargate, Nexus  
  98  14:33  Carrier (Chrono Boost)  
  104  14:53  Carrier (Chrono Boost)  
  104  14:57  Carrier (Chrono Boost)  
  104  15:06  Zealot x4  
  104  15:07  Zealot x2  
  124  15:53  Zealot x3  
  124  15:54  Zealot  
Tags
 
Add a new tag
Caveats
  • Supply blocks, unpowered buildings, or Contaminate may cause inaccurate times.
  • Supply counts are checked every 10 seconds.